 Dungeon Crawl Stone Soup version 0.30-a0-691-g754fce4c43 (webtiles) character file.

Game seed: 12018349401631677643

186 pokeman the Magician (level 5, -3/29 HPs)
             Began as a Deep Elf Hedge Wizard on Jan 19, 2023.
             Slain by a black bear (12 damage)
             ... on level 3 of the Dungeon.
             The game lasted 00:05:55 (3095 turns).

pokeman the Magician (Deep Elf Hedge Wizard)        Turns: 3095, Time: 00:05:56

Health: -3/29      AC:  4    Str:  7    XL:     5   Next: 38%
Magic:  12/15      EV: 13    Int: 21    God:
Gold:   104        SH:  0    Dex: 14    Spells: 8/16 levels left

rFire   + . .      SeeInvis .    p - +0 hand axe (venom)
rCold   + + .      Faith    .    (no shield)
rNeg    . . .      Spirit   .    m - +0 robe {rC+ rF+}
rPois   .          Reflect  .    c - +0 hat
rElec   .          Harm     .    r - +0 cloak
rCorr   .          Rampage  .    i - +0 pair of gloves
Will    .....                    (no boots)
Stlth   ++                       t - amulet of magic regeneration
HPRegen 0.24/turn                f - ring of protection from cold
MPRegen 0.54/turn                (no ring)

@: no status effects
A: no striking features
a: no special abilities


You were on level 3 of the Dungeon.
You visited 1 branch of the dungeon, and saw 3 of its levels.

You collected 104 gold pieces.

Inventory:

Hand Weapons
 p - a +0 hand axe of venom (weapon)
 q - a +4 quarterstaff of chaos
Armour
 c - a +0 hat (worn)
 i - a +0 pair of gloves (worn)
 m - a +0 robe of resistance (worn)
 r - a +0 cloak (worn)
Jewellery
 f - a ring of protection from cold (left hand)
 t - an amulet of magic regeneration (around neck)
Wands
 s - a wand of iceblast (5)
Scrolls
 e - 4 scrolls of identify {unknown}
 g - 2 scrolls of blinking {unknown}
 j - a scroll of enchant weapon {unknown}
 o - 4 scrolls of teleportation {unknown}
Potions
 a - a potion of brilliance {unknown}
 b - a potion of degeneration {unknown}
 d - a potion of magic
 h - a potion of cancellation {unknown}
 k - 2 potions of flight {unknown}
 l - a potion of heal wounds {unknown}
 n - 2 potions of attraction {unknown}
 u - a potion of curing {unknown}


   Skills:
 - Level 1.0 Fighting
 - Level 1.0 Armour
 - Level 3.1 Dodging
 - Level 3.1 Stealth
 * Level 6.2 Spellcasting
 + Level 2.5 Conjurations
 - Level 1.1 Summonings
 - Level 1.1 Translocations
 + Level 0.4 Air Magic
 + Level 0.6 Poison Magic


You had 8 spell levels left.
You knew the following spells:

 Your Spells              Type           Power      Damage    Failure   Level
a - Magic Dart            Conj           68%        1d6       3%          1
b - Mephitic Cloud        Conj/Pois/Air  11%        N/A       17%         3
c - Call Imp              Summ           11%        N/A       9%          2
d - Blink                 Tloc           22%        N/A       9%          2

Your spell library contained the following spells:

 Spells                   Type           Power      Damage    Failure   Level
 Slow                     Hex            24%        N/A       10%         1
 Cigotuvi's Dreadful Rot  Necr/Pois/Air  16%        N/A       12%         2


Dungeon Overview and Level Annotations

Branches:
Dungeon (3/15)

Altars:
The Shining One


Message History

The black bear bites you but does no damage.
The black bear barely misses you.
The black bear claws you but does no damage.
You hit the black bear.
The black bear looks as sick as possible!
The black bear is moderately wounded.
The black bear closely misses you. The black bear barely misses you.
The black bear completely misses you.
The black bear seems less confused.
You hit the black bear.
The black bear is heavily wounded.
The black bear completely misses you. The black bear claws you.
The black bear claws you but does no damage.
You hit the black bear but do no damage.
The black bear looks as sick as possible!
The black bear is heavily wounded.
The black bear closely misses you. The black bear barely misses you.
The black bear closely misses you.
You barely miss the black bear.
The black bear is severely wounded.
The black bear goes berserk!
The black bear attacks as you move away!
The black bear bites you! The black bear barely misses you.
The black bear claws you. The black bear bites you.
The black bear closely misses you. The black bear misses you.
Casting: Mephitic Cloud (quite dangerous; 17% risk of failure)
Confirm with . or Enter, or press ? or * to list all spells.
The spell is quite dangerous to miscast (17% risk of failure)!
Continue anyway?
Aiming: Mephitic Cloud (quite dangerous; 17% risk of failure)
Press: ? - help, Shift-Dir - straight line, f - black bear
Aim: a black bear (almost dead, berserk, extremely poisoned, chance to affect: 72%) That beam is likely to hit you.
Continue anyway?
The ball explodes into a vile cloud!
The stinking cloud engulfs the black bear but does no damage.
The black bear is almost dead.
The stinking cloud engulfs you but does no damage.
The stinking cloud engulfs the gnoll but does no damage.
The black bear is engulfed in noxious fumes.
The black bear appears confused.
The black bear bites you!
You die...

####.# #.#####<..
#......... #..####..
#..# #..# . #..# ...
#######☼g######.....
.......@h...).......
##.####☼.####.#.....
#..# ..# ..# #...
#... # ...## .###
##... ## #..# ...#


You could see a black bear (berserk, confused, extremely poisoned) and a gnoll.

Vanquished Creatures
  Crazy Yiuf (D:2)
  Ijyb (D:3)
  2 gnolls (D:3)
  5 adders (D:2)
  A worm (D:2)
  3 dart slugs
  7 endoplasms
  4 giant cockroaches
  8 goblins
  5 hobgoblins
  3 jackals (D:1)
  2 ball pythons
  5 bats
  3 frilled lizards
  7 kobolds
  6 rats
63 creatures vanquished.

Vanquished Creatures (others)
  A fungus (D:2)
1 creature vanquished.

Grand Total: 64 creatures vanquished

Notes
Turn   | Place    | Note
-------+----------+-------------------------------------------
     0 | D:1      | pokeman the Deep Elf Hedge Wizard began the quest for the
                  | Orb.
     0 | D:1      | Reached XP level 1. HP: 10/10 MP: 7/7
   298 | D:1      | Reached XP level 2. HP: 16/16 MP: 1/9
   648 | D:1      | Reached skill level 5 in Spellcasting
   839 | D:1      | Reached XP level 3. HP: 20/20 MP: 8/11
   843 | D:1      | Learned a level 3 spell: Mephitic Cloud
   846 | D:1      | Learned a level 2 spell: Call Imp
   849 | D:1      | Learned a level 2 spell: Blink
  1519 | D:2      | Reached skill level 1 in Fighting
  1605 | D:2      | Reached skill level 1 in Armour
  1881 | D:2      | Found a runed translucent door.
  1882 | D:2      | Noticed Crazy Yiuf
  1940 | D:2      | Reached XP level 4. HP: 22/25 MP: 5/13
  2214 | D:2      | Found a glowing golden altar of the Shining One.
  2527 | D:2      | Found a faded altar of an unknown god.
  2771 | D:2      | Killed Crazy Yiuf
  2772 | D:2      | Reached skill level 6 in Spellcasting
  2772 | D:2      | Reached XP level 5. HP: 15/29 MP: 8/15
  2917 | D:3      | Noticed Ijyb
  2930 | D:3      | Killed Ijyb
  3078 | D:3      | Noticed a black bear
  3095 | D:3      | Slain by a black bear

Illustrated notes

Levels and vault maps discovered:
D:1:      dpeg_arrival_lava_temple_mockup, layout_loops_ring,
          hangedman_abyss_or_decor_stabs
D:2:      layout_basic, shapermc_ecumenical_altar_acropolis, basic_altar,
          uniq_crazy_yiuf_cottage
D:3:      layout_loops_ring, mainiacjoe_overflow_brackets, nrook_loot_triangle,
          minmay_misc_feat_alley, nicolae_eternal_life, uniq_ijyb, uniq_robin,
          uniq_terence, uniq_natasha

Skill      XL: |  1  2  3  4 |
---------------+-------------+-----
Spellcasting   | 5 6 |  6.2
Fighting       | 1 |  1.0
Armour         | 1 |  1.0
Conjurations   | 2 |  2.5
Dodging        | 3 |  3.1
Stealth        | 3 |  3.1
Summonings     | |  1.1
Translocations | |  1.1
Air Magic      | |  0.4
Poison Magic   | |  0.6

Action                   |  1- 3 |  4- 6 || total
-------------------------+-------+-------++-------
Melee: Dagger            |    35 |       ||    35
       Punch             |     1 |       ||     1
       Hand axe          |       |    19 ||    19
 Cast: Magic Dart        |    98 |    47 ||   145
       Mephitic Cloud    |       |     5 ||     5
       Call Imp          |       |     2 ||     2
 Stab: Sleeping          |     1 |       ||     1
       Confused          |       |     2 ||     2
Armor: Robe              |    10 |     3 ||    13
Dodge: Dodged            |    33 |    19 ||    52

Table legend: (Time is in decaauts)
 A = Elapsed time spent in this place.
 B = Non-inter-level travel time spent in this place.
 C = Inter-level travel time spent in this place.
 D = Time resting spent in this place.
 E = Time spent auto-exploring this place.
 F = Levels seen in this place.
 G = Mean time per level.
                   A        B        C        D        E       F      G
               +--------+--------+--------+--------+--------+-----+--------+
         Total |   3099 |   2991 |    108 |    103 |   2494 |   3 | 1033.0 |
       Dungeon |   3099 |   2991 |    108 |    103 |   2494 |   3 | 1033.0 |
               +--------+--------+--------+--------+--------+-----+--------+

Top non-repeatable levels by time:
     D:1: 1513 daAuts
     D:2: 1361 daAuts
     D:3: 224 daAuts
